Unix xNetHack Version 7.1.0 - last build Jul 4 2022 02:09:00 (ec8469f2eb63cac24863ec985b09651f3a72bf9f). Game began 2022-07-14 07:13:07, ended 2022-07-14 07:15:48. Raisse, neutral female gnomish Wizard -- ----- --.- ....----...--- ..........-- -- ....).h..--.-- -...........| -.>..S....-- |....G.....| ---.:B....-- ---.....| -.....- ...... --...h..| --- ......| ....----------- -.<...- --.....| --.|.-- ---- Raisse the Conjurer St:12 Dx:11 Co:11 In:19 Wi:11 Ch:11 Neutral Dlvl:4 $:34 HP:0(17) Pw:7(21) AC:5 Xp:3/46 T:711 Latest messages: There is a giant rat corpse here; eat it? [ynq] (n) y This giant rat corpse tastes okay. You finish eating the giant rat corpse. You kill the newt! Poes bites the gnome. The gnome is killed! Poes is hit by a rock! Poes is killed! Really step onto that falling rock trap? [yn] (n) n In what direction? l In what direction? l Pick an object. % a piece of food (a kitten corpse) Really step into that hole? [yn] (n) y There's a gaping hole under you! You see here an orange gem. It misses! In what direction? h The spell hits the garter snake! You kill the garter snake! The hobbit throws a runed dagger! You are hit by a runed dagger. A garter snake was hidden under a pancake! The garter snake bites! In what direction? y The spell hits the hobbit! You kill the hobbit! Welcome to experience level 3. The garter snake bites! The giant bat bites! You don't have enough energy to cast that spell. You miss the giant bat. The garter snake bites! Your mithril elven ring mail blocks the giant bat's attack. The giant bat bites! What do you want to write with? [- a or ?*] - You write in the dust with your fingertip. What do you want to write in the dust here? Elbereth The giant bat misses! The giant bat bites! What do you want to write with? [- a or ?*] - Do you want to add to the current engraving? [ynq] (y) n You wipe out the message that was written in the dust here. You write in the dust with your fingertip. What do you want to write in the dust here? Elbereth The garter snake bites! The giant bat bites! You die... Do you want your possessions identified? [ynq] (y) y Do you want to see your attributes? [ynq] (y) q Major events: Turn 1: Raisse the neutral female gnomish Wizard entered the dungeon 509: entered the Gnomish Mines 708: attained the rank of Conjurer (level 3) 711: killed by a giant bat Inventory: Inventory: 396/625 weight (14/52 slots) Coins $ - 34 gold pieces {1} Weapons a - a blessed +1 quarterstaff (weapon in hands) {40} Armor o - an uncursed +0 pair of low boots {10} A - an uncursed +0 mithril elven ring mail (being worn) {88} C - an uncursed +0 cloak of magic resistance (being worn) {8} Comestibles i - 2 uncursed lichen corpses {40} p - an uncursed carrot {2} T - an uncursed tripe ration {10} Scrolls k - a blessed scroll of remove curse {5} Spellbooks c - a blessed spellbook of force bolt {35} d - a blessed spellbook of magic missile {40} e - an uncursed spellbook of slow monster {35} f - an uncursed spellbook of sleep {45} Potions l - an uncursed potion of water {20} Tools n - an uncursed tooled horn {18} Raisse the Wizard's attributes: Background: You were a Conjurer, a level 3 female gnomish Wizard. You were neutral, on a mission for Thoth who was opposed by Ptah (lawful) and Anhur (chaotic). You were bisexual. You were in the Gnomish Mines, on level 4. You entered the dungeon 711 turns ago. There was a full moon in effect when your adventure ended. You had 46 experience points, 34 more were needed to attain level 4. Basics: You had 0 out of 17 hit points. You had 7 out of 21 energy points (spell power). Your armor class was 5. Your wallet contained 34 zorkmids. Autopickup was on for '$!?/"=+' plus thrown, with exceptions. Final Characteristics: Your strength was 12 (limit:18/50). Your dexterity was 11 (limit:18). Your constitution was 11 (limit:18). Your intelligence was 19 (limit:19). Your wisdom was 11 (limit:18). Your charisma was 11 (limit:18). Final Status: You were not hungry. You were unencumbered. You were wielding a quarterstaff. You had basic skill with quarterstaff. Final Attributes: You were fervently aligned. You were magic-protected. You had infravision. You were guarded. You were lucky. You are dead. Miscellaneous: You never encountered a bones level. Total elapsed playing time was 2 minutes and 40 seconds. Vanquished creatures: 2 kittens a homunculus an acid blob 3 hobbits 2 giant rats a gnome a garter snake a kobold a goblin 2 grid bugs 2 lichens a kobold zombie 4 newts 22 creatures vanquished. No species were genocided or became extinct. Voluntary challenges: You were an atheist. You read items or engraved 2 times. You never genocided any monsters. You never polymorphed an object. You never changed form. You never touched an artifact. You used no wishes. You never scared an enemy with impunity. You were celibate. You never generated conflict. Achievements: You entered the Gnomish Mines. You attained the rank of Conjurer. The Dungeons of Doom: levels 1 to 2 Level 1: Level 2: Stairs down to The Gnomish Mines. The Gnomish Mines: levels 3 to 4 Level 3: Level 4: <- You were here. Final resting place for you, killed by a giant bat. Game over: __________ / \ / REST \ / IN \ / PEACE \ / \ | Raisse | | 34 Au | | killed by a | | giant bat | | | | | | 2022 | *| * * * | * _________)/\\_//(\/(/\)/\//\/|_)_______ Goodbye Raisse the Wizard... You died in The Gnomish Mines on dungeon level 4 with 375 points, and 34 pieces of gold, after 711 moves. You were level 3 with a maximum of 17 hit points when you died.